 Dungeon Crawl Stone Soup version 0.32-a0-675-gdc239d62e1 (webtiles) character file.

Game seed: 1093102278308031864

350 Aldia the Firebug (level 6, -3/47 HPs)
             Began as a Demigod Fire Elementalist on Mar 11, 2024.
             Slain by a goblin
             ... wielding a +0 club
             ... led by Robin
              (6 damage)
             ... on level 4 of the Dungeon.
             The game lasted 00:06:42 (3842 turns).

Aldia the Firebug (Demigod Fire Elementalist)       Turns: 3842, Time: 00:06:44

Health: -3/47      AC:  3    Str:  9    XL:     6   Next: 11%
Magic:  10/22      EV: 12    Int: 25    God:
Gold:   158        SH:  0    Dex: 14    Spells: 8/11 levels left

rFire   . . .        l - +1 whip (venom)
rCold   . . .        (no shield)
rNeg    . . .        s - +1 robe
rPois   .            (no helmet)
rElec   .            (no cloak)
rCorr   .            (no gloves)
SInv    +            (no boots)
Will    .....        (no amulet)
Stlth   ++           h - ring of see invisible
HPRegen 0.27/turn    r - ring of magical power
MPRegen 0.18/turn

%: no passive effects
@: no status effects
A: high MP 1, forlorn, divine attributes
a: no special abilities


You were on level 4 of the Dungeon.
You visited 1 branch of the dungeon, and saw 4 of its levels.

You collected 158 gold pieces.

Inventory:

Hand Weapons
 i - a +0 dagger of freezing
 l - a +1 whip of venom (weapon)
Armour
 j - a +0 kite shield
 s - a +1 robe (worn)
Jewellery
 h - a ring of see invisible (left hand)
 r - a ring of magical power (right hand)
Scrolls
 a - 2 scrolls of enchant armour {unknown}
 c - 2 scrolls of revelation {unknown}
 p - 3 scrolls of immolation
 u - a scroll of torment {unknown}
Potions
 b - a potion of magic
 d - 3 potions of curing
 e - a potion of degeneration {unknown}
 f - 2 potions of ambrosia
 g - a potion of heal wounds {unknown}
 k - a potion of enlightenment {unknown}
 m - 2 potions of attraction
 n - 2 potions of invisibility
 o - a potion of mutation {unknown}
 q - 2 potions of haste
 t - a potion of might {unknown}
 v - a potion of experience {unknown}


   Skills:
 + Level 1.5 Fighting
 - Level 1.7 Dodging
 - Level 3.0 Stealth
 + Level 3.2 Spellcasting
 * Level 1.0 Conjurations
 - Level 5.0 Fire Magic


You had 8 spell levels left.
You knew the following spells:

 Your Spells              Type           Power      Damage    Failure   Level
a - Foxfire               Conj/Fire      76%        2x1d7     3%          1
b - Scorch                Fire           58%        2d7       1%          2

Your spell library contained the following spells:

 Spells                   Type           Power      Damage    Failure   Level
 Inner Flame              Hex/Fire       16%        N/A       11%         3
 Volatile Blastmotes      Fire/Tloc      32%        2d12      11%         3
 Flame Wave               Conj/Fire      19%        2d7       28%         4


Dungeon Overview and Level Annotations

Branches:
Dungeon (4/15)
 Temple: D:4-7

Shops:
D:2 [

Annotations:
D:4 Edmund


Innate Abilities, Weirdness & Mutations

You have an increased reservoir of magic. (+10% MP)
You shall have no god before yourself.
Your divine heritage dramatically boosts your attributes as you level up.


Message History

The goblin hits you with a +0 club. The goblin closely misses you.
You miss the goblin.
The hobgoblin is no longer more vulnerable to fire.
Robin throws the goblin at you!
The goblin hits you with a +1 dagger of distortion.
You blink.
Robin throws the goblin at you! The goblin hits you with a +0 club.
Flames lash the goblin.
You kill the goblin!
The goblin hits you with a +0 club. The hobgoblin closely misses you.
Robin throws the goblin at you!
Unknown command.
Flames lash Robin.
Robin is heavily wounded.
Robin's fire resistance burns away.
The goblin barely misses you. The goblin hits you with a +0 club.
The hobgoblin closely misses you.
Unknown command.
You are too injured to fight recklessly!
You hit Robin.
Robin is poisoned.
Robin is heavily wounded.
The goblin closely misses you. The goblin hits you but does no damage.
The goblin barely misses you. The hobgoblin barely misses you.
You hit Robin.
Robin looks even sicker.
Robin is severely wounded.
The goblin hits you with a +1 dagger of distortion.
Space warps around you.
* * * LOW HITPOINT WARNING * * *
The goblin hits you with a +0 club.
* * * LOW HITPOINT WARNING * * *
The goblin closely misses you. The hobgoblin closely misses you.
Unknown command.
Unknown command.
Unknown command.
Unknown command.
As you read the scroll of identify, it crumbles to dust.
m - 2 potions of attraction You kill Robin!
The goblin hits you with a +0 club.
* * * LOW HITPOINT WARNING * * *
The goblin hits you with a +0 club.
You die...

####.###.#....#
#.....#.....
#..##.#.....
#..####.....
#.......>...
#.######...#
###.# #...#
#######)..#
#...#
#.g@g..)†##
#...
#.ggg$.....
#...g)...##
#.......?..
#.........#
#.........#
#..........
#........##
####.#####


You could see a hobgoblin (strong) and 5 goblins.

Vanquished Creatures
  Sigmund (D:4)
  A bombardier beetle (D:3)
  Jessica (D:2)
  Robin (D:4)
  5 adders
  3 dart slugs (D:1)
  2 ribbon worms
  An orc (D:3)
  3 endoplasms
  3 giant cockroaches
  14 goblins
  6 hobgoblins
  9 kobolds
  4 quokkas
  7 ball pythons
  9 bats
  3 frilled lizards
  4 rats
77 creatures vanquished.

Vanquished Creatures (others)
  27 foxfires
27 creatures vanquished.

Grand Total: 104 creatures vanquished

Notes
Turn   | Place    | Note
-------+----------+-------------------------------------------
     0 | D:1      | Aldia the Demigod Fire Elementalist began the quest for the
                  | Orb.
     0 | D:1      | Reached XP level 1. HP: 14/14 MP: 5/5
    32 | D:1      | Reached skill level 1 in Conjurations
   287 | D:1      | Reached skill level 3 in Fire Magic
   287 | D:1      | Reached XP level 2. HP: 15/20 MP: 0/7
   290 | D:1      | Learned a level 2 spell: Scorch
   950 | D:1      | Reached XP level 3. HP: 26/26 MP: 3/8
  1255 | D:2      | Found Kovo's Armour Shop.
  2170 | D:2      | Noticed Jessica
  2178 | D:2      | Killed Jessica
  2179 | D:2      | Reached XP level 4. HP: 33/33 MP: 10/10
  2730 | D:3      | Reached skill level 4 in Fire Magic
  3359 | D:3      | Reached XP level 5. HP: 38/38 MP: 9/12
  3640 | D:4      | Noticed Sigmund
  3646 | D:4      | Killed Sigmund
  3647 | D:4      | Reached skill level 1 in Fighting
  3647 | D:4      | Reached skill level 5 in Fire Magic
  3647 | D:4      | Reached XP level 6. HP: 26/47 MP: 7/13
  3657 | D:4      | Noticed Edmund
  3827 | D:4      | Noticed Robin
  3842 | D:4      | Killed Robin
  3842 | D:4      | Slain by a goblin

Illustrated notes

Levels and vault maps discovered:
D:1:      amcnicky_arrival_blooded_trapdoor, layout_loops_cross,
          basic_ecumenical_altar
D:2:      layout_basic, serial_shops, shop, roderic_serpentine_path,
          uniq_jessica
D:3:      layout_basic, nicolae_overflow_two_pavilions, minmay_pentomino_pile
D:4:      layout_basic, minmay_temple_entry_stoned_glass, uniq_sigmund,
          uniq_robin, uniq_edmund

Skill      XL: |  1  2  3  4  5 |
---------------+----------------+-----
Conjurations   | 1 |  1.0
Stealth        | 2 3 |  3.0
Spellcasting   | 2 3 |  3.2
Fire Magic     | 3 4 5 |  5.0
Fighting       | 1 |  1.5
Dodging        | |  1.7

Action                     |  1- 3 |  4- 6 || total
---------------------------+-------+-------++-------
  Melee: Dagger            |    18 |       ||    18
         Whip              |       |     5 ||     5
   Cast: Foxfire           |    17 |     1 ||    18
         Scorch            |    43 |    41 ||    84
    Use: Scroll            |       |     6 ||     6
 Armour: Robe              |    17 |    22 ||    39
  Dodge: Dodged            |    23 |    14 ||    37

Table legend: (Time is in decaauts)
 A = Elapsed time spent in this place.
 B = Non-inter-level travel time spent in this place.
 C = Inter-level travel time spent in this place.
 D = Time resting spent in this place.
 E = Time spent auto-exploring this place.
 F = Levels seen in this place.
 G = Mean time per level.
                   A        B        C        D        E       F      G
               +--------+--------+--------+--------+--------+-----+--------+
         Total |   3839 |   3710 |    129 |     93 |   3152 |   4 |  959.8 |
       Dungeon |   3839 |   3710 |    129 |     93 |   3152 |   4 |  959.8 |
               +--------+--------+--------+--------+--------+-----+--------+

Top non-repeatable levels by time:
     D:3: 1381 daAuts
     D:2: 1160 daAuts
     D:1: 1133 daAuts
     D:4: 164 daAuts
